[Event "Titled Tuesday Blitz April 26 Late 2022"]
[White "Yuan, Qingyu"]
[Black "Dubov, Daniil"]
[WhiteFideId "8609772"]
[BlackFideId "24126055"]
[WhiteElo "2359"]
[BlackElo "2791"]
[Result "0-1"]
[Round "07"]
[TimeControl "180+1"]
[Date "2022.04.26"]
[WhiteClock "0:00:04"]
[BlackClock "0:00:35"]

1. e4 c5 2. Nf3 e6 3. b3 d6 4. Bb2 Bd7 5. d4 cxd4 6. Nxd4 Nf6 7. Nd2 e5 8. Nf5 Nc6 9. Qf3 g6 10. Ne3 Nd4 11. Bxd4 exd4 12. Nd5 Nxd5 13. exd5 Bg7 14. Qe4+ Kf8 15. O-O-O d3 16. Qxd3 Qf6 17. c3 Bf5 18. Qd4 Qxd4 19. cxd4 Rc8+ 20. Kb2 Bxd4+ 21. Ka3 Bxf2 22. Bc4 Kg7 23. Rhf1 Be3 24. Rfe1 Bb6 25. Nf3 Rhe8 26. Kb2 a6 27. a4 Ba5 28. Rxe8 Rxe8 29. Nd4 Bg4 30. Rf1 Re4 31. Nc2 Be2 32. Rf2 Bxc4 33. bxc4 Rxc4 34. Kb3 Rc3+ 35. Kb2 Rc5 36. Ne3 b5 37. axb5 axb5 38. Rf4 Bd2 39. Re4 Bxe3 40. Rxe3 Rxd5 41. Rd3 Rxd3 0-1


[Site "https://www.chess.com"]

[Event "Titled Tuesday Blitz April 26 Late 2022"]
[White "Yurovskykh, Oleksandr"]
[Black "Moral Garcia, Serafin"]
[WhiteFideId "14134020"]
[BlackFideId "2201925"]
[WhiteElo "2292"]
[BlackElo "2228"]
[Result "1-0"]
[Round "07"]
[TimeControl "180+1"]
[Date "2022.04.26"]
[WhiteClock "0:01:19"]
[BlackClock "0:01:19"]

1. d4 Nf6 2. c4 g6 3. Nc3 d5 4. Nf3 Bg7 5. cxd5 Nxd5 6. Bg5 c5 7. Rc1 O-O 8. Nxd5 Qxd5 9. Bxe7 Re8 10. Bxc5 Nc6 11. e3 Qxa2 12. Ba3 Qd5 13. Bc4 Qa5+ 14. Qd2 Qh5 15. O-O Bg4 16. Be2 Rad8 17. Rfe1 Rd5 18. Qd1 Red8 19. Nd2 Bxe2 20. Qxe2 Qh4 21. Nf3 Qh5 22. Rc5 b6 23. Rxc6 1-0


[Site "https://www.chess.com"]

[Event "Titled Tuesday Blitz April 26 Late 2022"]
[White "Zhurbinsky, David"]
[Black "Bas Mas, Jose Joaquin"]
[WhiteFideId "2072904"]
[BlackFideId "22219064"]
[WhiteElo "2561"]
[BlackElo "2212"]
[Result "0-1"]
[Round "07"]
[TimeControl "180+1"]
[Date "2022.04.26"]
[WhiteClock "0:00:03"]
[BlackClock "0:00:10"]

1. e4 c5 2. Nf3 e6 3. c4 a6 4. d4 cxd4 5. Nxd4 Qc7 6. Nc3 Nf6 7. Be2 Be7 8. O-O O-O 9. Be3 d6 10. Rc1 Nbd7 11. f3 b6 12. Qd2 Bb7 13. Rfd1 Rac8 14. b3 Qb8 15. Bf1 Rfe8 16. Qf2 Bf8 17. Nde2 Bc6 18. g3 g6 19. Bg2 Bg7 20. h3 h5 21. f4 Nc5 22. Bxc5 dxc5 23. e5 Nh7 24. Bxc6 Rxc6 25. Rd7 Rc7 26. Rxc7 Qxc7 27. Ne4 Bf8 28. Rd1 Rd8 29. Qe1 Be7 30. N2c3 Rd4 31. Rxd4 cxd4 32. Ne2 d3 33. Nc1 Bc5+ 34. Kh2 h4 35. Nxd3 hxg3+ 36. Qxg3 Be7 37. Qe3 Nf8 38. Qd4 Nd7 39. Ndf2 g5 40. Ng4 Kg7 41. Qg1 Kf8 0-1


[Site "https://www.chess.com"]

[Event "Titled Tuesday Blitz April 26 Late 2022"]
[White "Zlatin, Alexander"]
[Black "Proudian, Armen"]
[WhiteFideId "2810549"]
[BlackFideId "2130734"]
[WhiteElo "2228"]
[BlackElo "2380"]
[Result "1-0"]
[Round "07"]
[TimeControl "180+1"]
[Date "2022.04.26"]
[WhiteClock "0:00:14"]
[BlackClock "0:00:45"]

1. d4 Nf6 2. Nc3 e6 3. Bf4 d5 4. e3 c5 5. Nf3 cxd4 6. exd4 a6 7. Bd3 Nc6 8. O-O Bd6 9. Qd2 Qc7 10. Bxd6 Qxd6 11. Rfe1 O-O 12. Ne5 Bd7 13. Rad1 Rac8 14. a3 Rc7 15. Qg5 Nxd4 16. Qh4 Nc6 17. Ng4 Rfc8 18. Nxf6+ gxf6 19. Qxh7+ Kf8 20. h4 Ne5 21. h5 Ke7 22. Qg7 Rd8 23. h6 Rcc8 24. h7 Rh8 25. f4 Nxd3 26. Rxd3 Bc6 27. Ne2 Qc5+ 28. Nd4 Bd7 29. b4 Qb6 30. Ree3 Rcf8 31. Nf5+ Kd8 32. Qxf6+ Kc7 33. Qe5+ Kd8 34. Rc3 Bc8 35. Qf6+ Kd7 36. Qe7# 1-0


[Site "https://www.chess.com"]

[Event "Titled Tuesday Blitz April 26 Late 2022"]
[White "volunteers1998"]
[Black "Donatti, Alvaro"]
[BlackFideId "3000303"]
[WhiteElo "2281"]
[BlackElo "2138"]
[Result "1-0"]
[Round "07"]
[TimeControl "180+1"]
[Date "2022.04.26"]
[WhiteClock "0:00:35"]
[BlackClock "0:01:08"]

1. e4 c5 2. Nf3 e6 3. d4 cxd4 4. Nxd4 Bc5 5. Nb3 Bb6 6. Nc3 Nc6 7. Be2 a6 8. O-O Nge7 9. Kh1 O-O 10. f4 f5 11. e5 Ba7 12. Bf3 b5 13. Qe1 Bb7 14. Be3 Bxe3 15. Qxe3 d5 16. exd6 Qxd6 17. Rad1 Qc7 18. Qxe6+ Kh8 19. Nd5 Nxd5 20. Rxd5 Qxf4 21. Rd7 Rae8 22. Qd6 Qxd6 23. Rxd6 Rf6 24. Rxf6 gxf6 25. Kg1 Re5 26. Kf2 Na5 27. Nxa5 Bxf3 28. Kxf3 Rc5 29. Rf2 b4 30. Nb3 Rd5 31. Rd2 Re5 32. Nd4 Kg7 33. Kf4 Kg6 34. Re2 Rd5 35. c3 bxc3 36. bxc3 Rc5 37. Re3 Ra5 38. Rg3+ Kf7 39. Nxf5 Rxa2 40. Rg7+ Ke6 41. g4 h5 42. h3 hxg4 43. hxg4 Rc2 44. Nd4+ 1-0


[Site "https://www.chess.com"]

[Event "Titled Tuesday Blitz April 26 Late 2022"]
[White "Ansh M Shah"]
[Black "Derraugh, Geordie"]
[WhiteFideId "25033379"]
[BlackFideId "2603950"]
[WhiteElo "1819"]
[BlackElo "2116"]
[Result "0-1"]
[Round "08"]
[TimeControl "180+1"]
[Date "2022.04.26"]
[WhiteClock "0:00:10"]
[BlackClock "0:00:10"]

1. d4 Nf6 2. c4 g6 3. Nf3 Bg7 4. g3 d5 5. Bg2 c6 6. O-O O-O 7. Nc3 dxc4 8. e4 Nbd7 9. a4 a5 10. Qe2 Nb6 11. Rd1 e6 12. Be3 Nfd7 13. Nd2 Qe7 14. Nxc4 Qb4 15. Na3 Nxa4 16. Nxa4 Qxa4 17. Nc4 Qb5 18. Bf1 e5 19. d5 a4 20. Qc2 Qb4 21. dxc6 bxc6 22. Nd6 Nf6 23. Bc5 Qb8 24. Rxa4 Rxa4 25. Qxa4 Bg4 26. Rb1 Bd7 27. b4 Rd8 28. f3 Bf8 29. Rd1 Qc7 30. Rd2 Be6 31. Qd1 Nd7 32. Nc4 Bxc5+ 33. bxc5 Rb8 34. Nd6 Nxc5 35. Qe2 Rb1 36. Qf2 Nb3 37. Kg2 Nxd2 38. Qxd2 Rb8 39. Nc4 Rd8 40. Qf2 Qd7 41. Qe3 Qd4 42. Qxd4 exd4 43. Ne5 c5 44. Nc6 Rd6 45. Na5 Rb6 46. Nc4 Bxc4 47. Bxc4 Rb2+ 48. Kh3 Rc2 49. Bd3 Rc3 50. Bb5 d3 51. Kg4 d2 52. Be2 Re3 53. Bd1 Re1 54. Bc2 d1=Q 55. Bxd1 Rxd1 56. e5 Re1 57. f4 c4 58. h4 c3 59. h5 c2 60. Kg5 gxh5 61. g4 c1=Q 62. e6 Re5+ 63. Kf6 Qxf4+ 64. Ke7 Rxe6+ 65. Kd8 Qd4+ 66. Kc8 Rc6+ 67. Kb7 Qb6+ 68. Ka8 Rc8# 0-1


[Site "https://www.chess.com"]

[Event "Titled Tuesday Blitz April 26 Late 2022"]
[White "Atanejhad, Sahebali"]
[Black "Schekachikhin, Maksim"]
[WhiteFideId "12506664"]
[BlackFideId "24177830"]
[WhiteElo "1953"]
[BlackElo "2230"]
[Result "0-1"]
[Round "08"]
[TimeControl "180+1"]
[Date "2022.04.26"]
[WhiteClock "0:00:08"]
[BlackClock "0:01:42"]

1. d4 Nf6 2. c4 b6 3. Nf3 Bb7 4. g3 e6 5. Bg2 Bb4+ 6. Nbd2 O-O 7. O-O d5 8. Ne5 Nbd7 9. a3 Bd6 10. Nxd7 Qxd7 11. b4 c5 12. dxc5 bxc5 13. Bb2 d4 14. b5 e5 15. Bxb7 Qxb7 16. f3 e4 17. Nxe4 Nxe4 18. fxe4 Qxe4 19. Qd3 Rfe8 20. Rf2 Qb7 21. Bc1 Re6 22. Bd2 Rae8 23. Raf1 f6 24. a4 Qe7 25. Re1 h5 26. a5 h4 27. gxh4 Re4 28. Rg2 Rxh4 29. Qf3 Qe5 30. h3 Qe4 31. Qxe4 Rhxe4 32. b6 axb6 33. axb6 Rb8 34. Rb1 Rb7 35. Ba5 Kf7 36. Kf2 Re3 37. h4 Rh3 38. Rg4 Rh2+ 39. Kf3 Re7 40. Rxd4 cxd4 0-1


[Site "https://www.chess.com"]

[Event "Titled Tuesday Blitz April 26 Late 2022"]
[White "Bachmann, Axel"]
[Black "Mickiewicz, Piotr"]
[WhiteFideId "3700488"]
[BlackFideId "1114891"]
[WhiteElo "2587"]
[BlackElo "2266"]
[Result "0-1"]
[Round "08"]
[TimeControl "180+1"]
[Date "2022.04.26"]
[WhiteClock "0:00:03"]
[BlackClock "0:01:09"]

1. d4 Nf6 2. g3 c5 3. d5 e5 4. c4 d6 5. Nc3 a6 6. a4 Be7 7. Bg2 Nbd7 8. e4 h5 9. Nf3 Nf8 10. h3 Ng6 11. Be3 h4 12. Qe2 Nh5 13. g4 Nhf4 14. Qf1 Qb6 15. Ra2 Qb4 16. Nd2 Bf6 17. Bf3 Bd7 18. Be2 Nxe2 19. Qxe2 Nf4 20. Bxf4 exf4 21. Qd3 Be5 22. Nf3 f6 23. Nxe5 fxe5 24. O-O Ke7 25. f3 b5 26. cxb5 axb5 27. Rfa1 bxa4 28. Nxa4 Rxa4 0-1


[Site "https://www.chess.com"]

[Event "Titled Tuesday Blitz April 26 Late 2022"]
[White "Balint, Vilmos"]
[Black "Richter, Nils"]
[WhiteFideId "718050"]
[BlackFideId "12990809"]
[WhiteElo "2059"]
[BlackElo "2243"]
[Result "0-1"]
[Round "08"]
[TimeControl "180+1"]
[Date "2022.04.26"]
[WhiteClock "0:01:34"]
[BlackClock "0:01:05"]

1. d4 d5 2. c4 c6 3. Nc3 Nf6 4. cxd5 cxd5 5. Bf4 a6 6. e3 Nc6 7. Nf3 Bf5 8. Bd3 Bxd3 9. Qxd3 e6 10. O-O Bd6 11. a3 Bxf4 12. exf4 O-O 13. Ne5 Rc8 14. Rac1 Qb6 15. Ne2 Ne4 16. f3 Nd6 17. Nd7 Qxb2 18. Nxf8 Kxf8 19. Rc2 Qb6 20. Rfc1 Nc4 21. g3 Kg8 22. Kg2 h6 23. Rc3 N6a5 24. Rb1 Qd8 25. Nc1 b5 26. a4 bxa4 27. Rb4 a3 28. Ra4 Nb2 29. Rxc8 Qxc8 30. Qxa3 Nxa4 31. Qxa4 Qxc1 32. Qxa5 Qb2+ 33. Kh3 Qxd4 34. Qxa6 Qd3 35. Qc8+ Kh7 36. Qc7 Qf1+ 37. Kh4 f5 38. Qc3 Qf2 39. h3 d4 40. Qd3 Qe3 41. Qc4 d3 42. g4 Qf2+ 43. Kh5 g6# 0-1


[Site "https://www.chess.com"]

[Event "Titled Tuesday Blitz April 26 Late 2022"]
[White "Bas Mas, Jose Joaquin"]
[Black "Yurovskykh, Oleksandr"]
[WhiteFideId "22219064"]
[BlackFideId "14134020"]
[WhiteElo "2212"]
[BlackElo "2292"]
[Result "0-1"]
[Round "08"]
[TimeControl "180+1"]
[Date "2022.04.26"]
[WhiteClock "0:00:05"]
[BlackClock "0:00:14"]

1. e4 d5 2. exd5 Qxd5 3. Nc3 Qd8 4. d4 Nf6 5. Bc4 a6 6. a4 Nc6 7. Nge2 Bf5 8. O-O Nb4 9. Bb3 e6 10. Ng3 Bg6 11. Bg5 Be7 12. Nce2 O-O 13. Nf4 Nbd5 14. Nxg6 hxg6 15. Bd2 c5 16. c4 Nb4 17. Bxb4 cxb4 18. Qd3 Qc7 19. Rad1 Rfd8 20. Qe2 Bd6 21. Ne4 Bxh2+ 22. Kh1 Nxe4 23. Qxe4 Bd6 24. c5 Be7 25. Rd3 Bf6 26. Rfd1 Rd7 27. d5 exd5 28. Qxb4 d4 29. Qb6 Qxb6 30. cxb6 Rd6 31. a5 Rc8 32. Re1 g5 33. g4 g6 34. Kg2 Rc5 35. Re8+ Kg7 36. Rb8 Rd7 37. Ba4 Re7 38. b4 Rc3 39. Rxc3 dxc3 40. Rc8 Be5 41. b5 axb5 42. Bxb5 Bd4 43. Rc7 Kf6 44. Bd3 Ke6 45. Bc4+ Kd6 46. Rxe7 Kxe7 47. Bd3 Kd6 48. a6 bxa6 49. b7 Kc7 50. Kf1 a5 51. Ke2 a4 52. Kd1 a3 53. Bc4 f5 54. Bd5 fxg4 55. Kc2 Bxf2 56. Kxc3 Bc5 57. Kb3 Bd6 58. Bg2 g3 59. Ka2 Kd7 60. Kb3 Ke6 61. b8=Q Bxb8 62. Kxa3 Ke5 63. Kb3 Kf4 64. Kc2 Ke3 65. Kd1 Kf2 66. Be4 g2 67. Bxg2 Kxg2 68. Ke2 Be5 0-1


[Site "https://www.chess.com"]

[Event "Titled Tuesday Blitz April 26 Late 2022"]
[White "Bluebaum, Matthias"]
[Black "Donchenko, Alexander"]
[WhiteFideId "24651516"]
[BlackFideId "24603295"]
[WhiteElo "2550"]
[BlackElo "2539"]
[Result "1-0"]
[Round "08"]
[TimeControl "180+1"]
[Date "2022.04.26"]
[WhiteClock "0:00:12"]
[BlackClock "0:00:02"]

1. d4 Nf6 2. c4 c6 3. Nc3 d5 4. Nf3 dxc4 5. e4 b5 6. Qc2 e6 7. Be2 Nbd7 8. O-O Bb7 9. b3 cxb3 10. axb3 Be7 11. e5 Nd5 12. Nxd5 exd5 13. Bd2 Nf8 14. b4 Ne6 15. Bd3 g6 16. Bc3 Qd7 17. Rfe1 O-O 18. Nd2 a6 19. Nb3 Rae8 20. Bd2 f5 21. f4 Bd8 22. Be3 Bb6 23. Rf1 Qg7 24. Rf3 Kf7 25. Rg3 Ke7 26. Rf1 Kd7 27. h3 Qf7 28. Rgf3 h5 29. g4 hxg4 30. hxg4 Rh8 31. Rg3 Ref8 32. Rf2 Bc8 33. Rfg2 Kc7 34. gxf5 gxf5 35. Rg6 Bd7 36. Kf2 Qh7 37. Ke2 Qh4 38. Kd1 Nxf4 39. Rxc6+ Kb7 40. Rxb6+ Kxb6 41. Qc5+ Kb7 42. Na5+ Ka8 43. Qb6 Qh1+ 44. Bg1 Bc8 45. Qc6+ Kb8 46. Qb6+ Ka8 47. Nc6 Qh5+ 48. Be2 Qxe2+ 49. Rxe2 Bb7 50. Qa7# 1-0


[Site "https://www.chess.com"]

[Event "Titled Tuesday Blitz April 26 Late 2022"]
[White "Bryakin, Mikhail"]
[Black "Domingo Nunez, Alejandro"]
[WhiteFideId "4165314"]
[BlackFideId "22245561"]
[WhiteElo "2417"]
[BlackElo "2215"]
[Result "1-0"]
[Round "08"]
[TimeControl "180+1"]
[Date "2022.04.26"]
[WhiteClock "0:01:27"]
[BlackClock "0:00:02"]

1. e4 g6 2. d4 Bg7 3. Nf3 c6 4. c3 d5 5. e5 f6 6. Bf4 Bg4 7. Be2 Bxf3 8. Bxf3 fxe5 9. Bxe5 Bxe5 10. dxe5 Nd7 11. Qe2 Qc7 12. e6 Ne5 13. Nd2 Nf6 14. O-O-O O-O 15. Rde1 Nxf3 16. Nxf3 Ne4 17. Qe3 Qb6 18. Rhf1 Rf6 19. Nd4 c5 20. Nb3 c4 21. Nd4 Nc5 22. Kb1 Nd3 23. Re2 Raf8 24. f3 a5 25. g3 a4 26. a3 Qc5 27. f4 b5 28. Rd1 Qb6 29. Rxd3 cxd3 30. Qxd3 Rb8 31. Re5 Qd6 32. Qf3 Rd8 33. Qe3 Qc5 34. h4 Qc4 35. h5 Qf1+ 36. Kc2 Qg2+ 37. Kb1 Qf1+ 38. Kc2 Qg2+ 39. Ne2 Rf5 40. Kd2 Rxe5 41. Qxe5 Qe4 42. hxg6 Qxe5 43. gxh7+ Kxh7 44. fxe5 Kg6 45. Nd4 Kg5 46. Kc2 Kg4 47. Nxb5 Kf5 48. Nd4+ Ke4 49. g4 Rg8 50. Nc6 Rxg4 51. Nxe7 Kxe5 52. Nc8 Kxe6 53. Na7 Kd6 54. Nb5+ Kc5 55. Nd4 Kc4 56. Kc1 Rg2 57. Kb1 Kd3 58. Nc6 Rg1+ 59. Ka2 Kd2 60. Nb4 Rg2 61. Kb1 Rg1+ 62. Ka2 Kc1 63. Nd3+ Kd1 64. Nf4 Rg5 65. Ne6 Rg2 66. Nc5 Rg4 67. Nd3 Kc2 68. Nb4+ Kd2 69. Nxd5 Kc1 70. Nb6 Kc2 71. Nd5 1-0


[Site "https://www.chess.com"]

[Event "Titled Tuesday Blitz April 26 Late 2022"]
[White "Carrasco Miranda, Andres"]
[Black "D`Arruda, Ricardo D."]
[WhiteFideId "3405990"]
[BlackFideId "100692"]
[WhiteElo "2177"]
[BlackElo "2366"]
[Result "0-1"]
[Round "08"]
[TimeControl "180+1"]
[Date "2022.04.26"]
[WhiteClock "0:00:16"]
[BlackClock "0:01:03"]

1. d4 Nf6 2. c4 e5 3. dxe5 Ne4 4. a3 Nc6 5. Nf3 d6 6. Bf4 g5 7. Bg3 Bg7 8. Nbd2 Nxg3 9. hxg3 Nxe5 10. Nxe5 Bxe5 11. Qc2 h6 12. f4 Bg7 13. O-O-O Bd7 14. e3 Qe7 15. Bd3 O-O-O 16. Be4 Rde8 17. Qb3 c6 18. Rhe1 Kc7 19. Qd3 Qf6 20. Qc2 Re7 21. Bf3 Rhe8 22. Nf1 Bf5 23. Qd2 Be4 24. Bxe4 Rxe4 25. Re2 Rxc4+ 26. Kb1 d5 27. Qa5+ Kb8 28. Nd2 Qxb2# 0-1


[Site "https://www.chess.com"]

[Event "Titled Tuesday Blitz April 26 Late 2022"]
[White "Chigaev, Maksim"]
[Black "Dubov, Daniil"]
[WhiteFideId "4108116"]
[BlackFideId "24126055"]
[WhiteElo "2478"]
[BlackElo "2791"]
[Result "1/2-1/2"]
[Round "08"]
[TimeControl "180+1"]
[Date "2022.04.26"]
[WhiteClock "0:00:04"]
[BlackClock "0:00:03"]

1. d4 d5 2. c4 c6 3. Nf3 Nf6 4. Qc2 g6 5. Bf4 dxc4 6. Qxc4 Bg7 7. e3 O-O 8. Be2 Be6 9. Qc2 Bf5 10. Qc1 Nd5 11. Be5 Nb4 12. Na3 Bh6 13. O-O Nd7 14. Bg3 Rc8 15. Qd2 Nd5 16. Rac1 N7f6 17. Nc4 Ne4 18. Qd1 Nxg3 19. hxg3 Bg7 20. Qb3 Qc7 21. Rfd1 Rfd8 22. Nce5 Qb6 23. Bc4 Qxb3 24. Bxb3 h6 25. g4 Be6 26. g3 g5 27. Kg2 Bxe5 28. Nxe5 Kg7 29. e4 Nc7 30. Bxe6 Nxe6 31. Nf3 Rc7 32. Rd2 Rcd7 33. Rcd1 f6 34. Kf1 a5 35. Ke2 Nc7 36. Ke3 Nb5 37. a4 Nd6 38. b3 Ne8 39. d5 cxd5 40. Rxd5 Rxd5 41. Rxd5 Rxd5 42. exd5 Nd6 43. Kd4 b6 44. Nd2 Kf7 45. Nc4 Nc8 46. Ne3 Nd6 47. Nc4 Nc8 48. Ne3 Nd6 49. Nc4 1/2-1/2


[Site "https://www.chess.com"]

[Event "Titled Tuesday Blitz April 26 Late 2022"]
[White "Chuemsakul, Sarocha"]
[Black "Hardaway, Brewington"]
[WhiteFideId "6203710"]
[BlackFideId "30941849"]
[WhiteElo "1703"]
[BlackElo "1768"]
[Result "1-0"]
[Round "08"]
[TimeControl "180+1"]
[Date "2022.04.26"]
[WhiteClock "0:00:16"]
[BlackClock "0:00:41"]

1. d4 Nf6 2. c4 e6 3. Nf3 b6 4. g3 Bb7 5. Bg2 c5 6. O-O cxd4 7. Nxd4 Bxg2 8. Kxg2 Qc8 9. Nc3 Qxc4 10. Qd3 Qxd3 11. exd3 Na6 12. a3 O-O-O 13. Be3 Kb7 14. b4 Nc7 15. Rfc1 Ncd5 16. Nxd5 Nxd5 17. Bd2 Be7 18. h4 Bf6 19. Be3 Nxe3+ 20. fxe3 Bxd4 21. exd4 Rc8 22. Kf3 Rxc1 23. Rxc1 Rc8 24. Ra1 Ka6 25. a4 Rc3 26. Ke3 Rb3 27. b5+ Kb7 28. g4 Rb2 29. h5 f6 30. Kf3 Rb4 31. Ke3 d5 32. g5 f5 33. g6 h6 34. Kf4 Rxd4+ 35. Ke5 Rxd3 36. Kxe6 f4 37. Kf7 f3 38. Rf1 d4 39. Kxg7 Re3 40. Kxh6 d3 41. g7 d2 42. g8=Q Re1 43. Qf7+ Kc8 44. Qf5+ Kc7 45. Qf4+ Kd7 1-0


[Site "https://www.chess.com"]

[Event "Titled Tuesday Blitz April 26 Late 2022"]
[White "Czopor, Maciej"]
[Black "Fiorito, Fabian"]
[WhiteFideId "21805431"]
[BlackFideId "100200"]
[WhiteElo "1999"]
[BlackElo "2395"]
[Result "0-1"]
[Round "08"]
[TimeControl "180+1"]
[Date "2022.04.26"]
[WhiteClock "0:00:01"]
[BlackClock "0:01:14"]

1. Nf3 Nf6 2. g3 g6 3. Bg2 Bg7 4. O-O O-O 5. d3 d5 6. Nbd2 c5 7. e4 Nc6 8. c3 h6 9. Qe2 b6 10. e5 Nd7 11. e6 Nf6 12. exf7+ Rxf7 13. d4 Bb7 14. Bh3 Kh7 15. Be6 Rf8 16. Re1 Qd6 17. Qf1 Ne4 18. Nxe4 dxe4 19. Ng5+ hxg5 20. Qh3+ Bh6 21. Bxg5 Qxe6 22. Qxe6 Bxg5 23. d5 Nd8 24. Qxe4 Bf6 25. Rad1 Nf7 26. Qg4 Nd6 27. f4 Bc8 28. Qf3 Kg7 29. Kg2 Nf5 30. h4 Bb7 31. Re6 Bc8 32. Re2 Ba6 33. c4 Bxc4 34. Re6 Rad8 35. g4 Nxh4+ 0-1


[Site "https://www.chess.com"]

[Event "Titled Tuesday Blitz April 26 Late 2022"]
[White "Dahlgren, James Allen"]
[Black "Winkels, Marcel"]
[WhiteFideId "22256873"]
[BlackFideId "1003887"]
[WhiteElo "2091"]
[BlackElo "1900"]
[Result "0-1"]
[Round "08"]
[TimeControl "180+1"]
[Date "2022.04.26"]
[WhiteClock "0:00:03"]
[BlackClock "0:00:21"]

1. d3 c5 2. f4 Nc6 3. Nf3 g6 4. Nc3 Bg7 5. e4 d6 6. Be2 e6 7. O-O Nge7 8. g4 O-O 9. g5 Nd4 10. Be3 d5 11. Bf2 Nxf3+ 12. Bxf3 d4 13. Ne2 e5 14. h4 Bh3 15. Bg2 Bxg2 16. Kxg2 Qd7 17. Bg3 Nc6 18. f5 f6 19. fxg6 hxg6 20. c4 f5 21. exf5 Rxf5 22. Bh2 Raf8 23. Rxf5 Qxf5 24. Ng3 Qe6 25. Qe2 Ne7 26. Rf1 Nf5 27. Nxf5 gxf5 28. Qf3 e4 29. Qg3 e3 30. Qf3 b6 31. Re1 Be5 32. Bf4 Re8 33. h5 Bxf4 34. Qxf4 Qe5 35. Qxe5 Rxe5 36. Kf3 b5 37. Kf4 Re8 38. cxb5 c4 39. dxc4 e2 40. Kf3 d3 41. c5 f4 42. c6 Re3+ 43. Kxf4 d2 44. Kxe3 dxe1=Q 45. c7 Qc1+ 46. Kxe2 Qxc7 47. a4 Qe5+ 48. Kd3 Qxg5 49. Kc4 Qxh5 50. b4 Qg4+ 51. Kc5 Qd7 52. a5 Kf7 53. b6 axb6+ 54. Kxb6 Qd6+ 55. Kb7 Qxb4+ 56. Ka6 Ke6 57. Ka7 Qxa5+ 0-1


[Site "https://www.chess.com"]

[Event "Titled Tuesday Blitz April 26 Late 2022"]
[White "De Souza, Cristiano Gomes"]
[Black "Buchenau, Frank"]
[WhiteFideId "2151758"]
[BlackFideId "4604350"]
[WhiteElo "2068"]
[BlackElo "2193"]
[Result "1/2-1/2"]
[Round "08"]
[TimeControl "180+1"]
[Date "2022.04.26"]
[WhiteClock "0:00:50"]
[BlackClock "0:01:46"]

1. d4 e6 2. c4 Nf6 3. Nf3 b6 4. g3 Bb7 5. Bg2 Be7 6. O-O O-O 7. Nc3 Ne4 8. Qc2 Nxc3 9. Qxc3 f5 10. b3 Bf6 11. Bb2 d6 12. Rad1 a5 13. Ne1 Bxg2 14. Nxg2 Nc6 15. Qf3 Qd7 16. Nf4 Nd8 17. e4 Bg5 18. exf5 Bxf4 19. Qxf4 Rxf5 20. Qe4 d5 21. Qe2 a4 22. Rfe1 axb3 23. axb3 Ra2 24. Ra1 Rxa1 25. Rxa1 Nc6 26. Re1 Rf6 27. Bc3 dxc4 28. Qxc4 Qd5 29. Qxd5 exd5 30. f4 Kf7 31. Kf2 Re6 32. Rxe6 Kxe6 33. Kf3 h5 34. h3 g6 35. g4 hxg4+ 36. hxg4 Na7 37. Bb2 Nb5 38. Ke3 Nd6 39. Ba3 Ne4 40. Bb2 Nf6 41. Kf3 Ne4 42. Ke3 Ng3 43. Kf2 Ne4+ 44. Ke3 1/2-1/2


[Site "https://www.chess.com"]

[Event "Titled Tuesday Blitz April 26 Late 2022"]
[White "Deac, Bogdan-Daniel"]
[Black "Sanal, Vahap"]
[WhiteFideId "1226380"]
[BlackFideId "6300545"]
[WhiteElo "2648"]
[BlackElo "2603"]
[Result "1/2-1/2"]
[Round "08"]
[TimeControl "180+1"]
[Date "2022.04.26"]
[WhiteClock "0:00:06"]
[BlackClock "0:00:11"]

1. e4 e5 2. Nf3 Nc6 3. d4 exd4 4. Nxd4 Bc5 5. Nb3 Bb6 6. Nc3 Nf6 7. Qe2 O-O 8. Bg5 a5 9. a4 Nd4 10. Qd2 Nxb3 11. cxb3 h6 12. Bh4 Re8 13. Bxf6 Qxf6 14. Bc4 c6 15. O-O-O Qxf2 16. Qxf2 Bxf2 17. Bxf7+ Kxf7 18. Rhf1 Ke7 19. Rxf2 d6 20. Re1 Be6 21. Nd5+ Kd8 22. Nb6 Ra6 23. Nc4 Ke7 24. Rd2 Rd8 25. Red1 Bxc4 26. bxc4 Raa8 27. Rd3 b6 28. Rg3 g5 29. Rh3 Rh8 30. Rf1 Raf8 31. Rxf8 Rxf8 32. Rxh6 Rf4 33. Rh7+ Ke6 34. Rb7 Rxe4 35. b3 Re2 36. Rxb6 Kd7 37. Ra6 Rxg2 38. Rxa5 Kc7 39. Rf5 Kb6 40. h3 c5 41. Rd5 Kc6 42. Kb1 Kc7 43. Rd3 Kc6 44. Kc1 Kc7 45. Rd5 Kc6 46. Rf5 Kb6 47. Rf6 Kc7 48. Rh6 Kc6 49. h4 g4 50. Rg6 Rg3 51. Kb2 Rg2+ 52. Ka3 g3 53. h5 Rg1 54. h6 g2 55. Kb2 Rh1 56. Rxg2 Rxh6 57. Rg7 Rh8 58. Ka3 Rh1 59. Kb2 Rh2+ 60. Ka3 Rh1 61. Rg8 Kb7 62. Rd8 Kc7 63. Ra8 Rg1 64. Ra6 Rh1 65. a5 Rd1 66. Kb2 Kb7 67. Rb6+ Kc7 68. Rb5 Rh1 69. a6 Rh8 70. Rb7+ Kc6 71. Rg7 Ra8 72. a7 Kb6 73. Kc3 Rxa7 74. Rxa7 Kxa7 75. b4 Kb6 76. b5 d5 77. cxd5 Kxb5 78. Kd3 c4+ 79. Kd4 c3 80. Kxc3 Kc5 81. d6 Kxd6 1/2-1/2


[Site "https://www.chess.com"]

[Event "Titled Tuesday Blitz April 26 Late 2022"]
[White "Dudzinski, Pawel"]
[Black "Nozdrachev, Leonid"]
[WhiteFideId "1117890"]
[BlackFideId "24113433"]
[WhiteElo "2033"]
[BlackElo "2242"]
[Result "0-1"]
[Round "08"]
[TimeControl "180+1"]
[Date "2022.04.26"]
[WhiteClock "0:00:02"]
[BlackClock "0:01:20"]

1. e4 d6 2. Nc3 Nf6 3. g3 e5 4. Bg2 h5 5. h3 c6 6. Nge2 Qa5 7. d4 Be7 8. Be3 Nbd7 9. a4 Nf8 10. d5 Bd7 11. O-O Ng6 12. f4 Bd8 13. dxc6 Bxc6 14. Qxd6 Be7 15. Qd2 Rd8 16. Qe1 Bc5 17. Bxc5 Qxc5+ 18. Qf2 Qxf2+ 19. Rxf2 h4 20. g4 exf4 21. Nxf4 Ne5 22. Nfd5 Nfd7 23. Nc7+ Ke7 24. N3d5+ Bxd5 25. Nxd5+ Kf8 26. Rd1 Rh6 27. b3 Rd6 28. c4 Nc5 29. Rb1 a5 30. Rf5 Re6 31. g5 Nc6 32. Kh2 Nxe4 33. Bxe4 Rxe4 34. Rbf1 Ne5 35. g6 f6 0-1


[Site "https://www.chess.com"]

[Event "Titled Tuesday Blitz April 26 Late 2022"]
[White "Ezat, Mohamed"]
[Black "Leiva, Gianmarco"]
[WhiteFideId "10600906"]
[BlackFideId "3804399"]
[WhiteElo "2386"]
[BlackElo "2323"]
[Result "0-1"]
[Round "08"]
[TimeControl "180+1"]
[Date "2022.04.26"]
[WhiteClock "0:00:22"]
[BlackClock "0:00:43"]

1. d4 Nf6 2. Nf3 g6 3. Nbd2 Bg7 4. e4 O-O 5. Bc4 Nxe4 6. Nxe4 d5 7. Bd3 dxe4 8. Bxe4 Nc6 9. c3 e5 10. dxe5 Qxd1+ 11. Kxd1 Nxe5 12. Nxe5 Bxe5 13. Kc2 c6 14. Bh6 Re8 15. Rhe1 Bxh2 16. Bd3 Bg4 17. g3 Bf3 18. Re3 Rxe3 19. Bxe3 f6 20. Bc4+ Kg7 21. Re1 Re8 22. Bh6+ Kxh6 23. Rxe8 Bg1 24. Be2 Bxe2 25. Rxe2 Kg5 26. f3 h5 27. Kd3 Bb6 28. Rc2 Bc7 29. Rg2 f5 30. Ke2 Bb6 31. Kf1 Be3 32. Re2 f4 33. Kg2 Kf5 34. Kh3 g5 35. gxf4 Kxf4 36. Kg2 h4 37. Re1 h3+ 38. Kxh3 Kxf3 39. Rf1+ Bf2 40. Rd1 g4+ 41. Kh2 g3+ 42. Kh3 g2 43. Rd3+ Ke2 44. Kxg2 Kxd3 45. Kxf2 Kc2 46. Ke3 Kxb2 47. Kd3 Kxa2 0-1


[Site "https://www.chess.com"]

[Event "Titled Tuesday Blitz April 26 Late 2022"]
[White "Gnechko, Ruslan"]
[Black "Jarocka, Liwia"]
[WhiteFideId "14135868"]
[BlackFideId "21807558"]
[WhiteElo "2289"]
[BlackElo "1896"]
[Result "1/2-1/2"]
[Round "08"]
[TimeControl "180+1"]
[Date "2022.04.26"]
[WhiteClock "0:00:13"]
[BlackClock "0:00:58"]

1. d4 Nf6 2. c4 e6 3. Nc3 Bb4 4. e3 O-O 5. Bd2 d5 6. Nf3 c5 7. a3 Bxc3 8. Bxc3 cxd4 9. Bxd4 Nc6 10. Bc3 b6 11. Bd3 Bb7 12. Qb1 Rc8 13. cxd5 Nxd5 14. Bxh7+ Kh8 15. Be4 Nxc3 16. bxc3 Qf6 17. Nd4 Na5 18. Bxb7 Nxb7 19. Qe4 Nc5 20. Qc2 e5 21. Nb3 Nxb3 22. Qxb3 e4 23. Rc1 Rc5 24. O-O Rfc8 25. Qb4 Rc4 26. Qb5 g6 27. h3 Kg7 28. Rfd1 R8c5 29. Qe8 Re5 30. Qd7 Rg5 31. Kf1 Rxc3 32. Qxa7 Ra5 33. Qb7 Raxa3 34. Qxe4 Rxc1 35. Rxc1 Ra1 36. Rb1 b5 37. g4 Ra2 38. Qd4 Rxf2+ 39. Kg1 Rf3 40. Qxf6+ Kxf6 41. Kg2 Rxe3 42. Rxb5 Ra3 43. Rc5 g5 44. Rf5+ Kg6 45. Rb5 f6 46. Rf5 Rc3 47. Ra5 Rb3 48. Rf5 Rb2+ 49. Kg3 Rb3+ 50. Kg2 Rb2+ 51. Kg3 Rb3+ 52. Kg2 1/2-1/2


[Site "https://www.chess.com"]